 Dungeon Crawl Stone Soup version 0.20.0-8-g6b59dc7 (webtiles) character file.

13 Gorglomux the Gusty (level 2, 0/25 HPs)
             Began as a Naga Wanderer on May 31, 2017.
             Hit by a stone thrown by a kobold (2 damage)
             ... on level 1 of the Dungeon.
             The game lasted 00:00:51 (481 turns).

Gorglomux the Gusty (Naga Wanderer)                  Turns: 481, Time: 00:00:51

Health: 0/25       AC:  1    Str: 13    XL:     2   Next: 37%
Magic:  1/6        EV:  9    Int: 14    God:
Gold:   0          SH:  0    Dex:  9    Spells: 6/7 levels left

rFire    . . .     SeeInvis +   f - +0 dagger
rCold    . . .     Gourm    .   (no shield)
rNeg     . . .     Faith    .   d - +0 robe
rPois    +         Spirit   .   (no helmet)
rElec    .         Reflect  .   (no cloak)
rCorr    .         Harm     .   (no gloves)
MR       .....                  (no barding)
Stlth    +.........             (no amulet)
Regen    0.1/turn               U - ring of loudness (curse)
MPRegen  0.1/turn               (no ring)

@: very slow
A: see invisible, deformed body, poison resistance, slowness 2, slow metabolism
1, spit poison 1, AC +0
a: Spit Poison


You were on level 1 of the Dungeon.
You were not hungry.

You visited 1 branch of the dungeon, and saw 1 of its levels.

Inventory:

Hand Weapons
 e - a +0 club
 f - a +0 dagger (weapon)
Armour
 d - a +0 robe (worn)
Jewellery
 U - a cursed ring of loudness (left hand)
Scrolls
 T - a scroll of teleportation
 V - a scroll of identify {unknown}
 W - a scroll of recharging {unknown}
Books
 a - a book of Minor Magic

   Spells                             Type                      Level
   a - Magic Dart                     Conjuration                  1
   b - Blink                          Translocation                2
   c - Call Imp                       Summoning                    2
   d - Slow                           Hexes                        2
   e - Conjure Flame                  Conjuration/Fire             3
   f - Mephitic Cloud                 Conjuration/Poison/Air       3
 c - Sif Muna's Compendium of the Birds

   Spells                             Type                      Level
   a - Shock                          Conjuration/Air              1
   b - Static Discharge               Conjuration/Air              3
Comestibles
 g - 2 bread rations


   Skills:
 + Level 1.1 Fighting
 + Level 4.0 Stealth
 - Level 3.0 Spellcasting
 - Level 1.0 Conjurations
 - Level 4.0 Air Magic


You had 6 spell levels left.
You knew the following spells:

 Your Spells              Type           Power        Failure   Level  Hunger
a - Shock                 Conj/Air       #...         8%          1    #......


Dungeon Overview and Level Annotations

Branches:
Dungeon (1/15)

Altars:


Innate Abilities, Weirdness & Mutations

You cannot wear boots.
Your serpentine skin is tough. (AC +0)
You have supernaturally acute eyesight. (SInv)
Armour fits poorly on your strangely shaped body.
Your system is resistant to poisons. (rPois)
You cover ground very slowly.
You have a slow metabolism.
You can spit poison.


Message History

Casting: Shock
Confirm with . or Enter, or press ? or * to list all spells.
Aiming: Shock
Press: ? - help, Shift-Dir - straight line The zap misses the kobold.
The zap hits the kobold.
The kobold appears unharmed.
The hobgoblin shouts!
The kobold hits you.
* * * LOW HITPOINT WARNING * * *
The kobold throws a stone.
The stone hits you but does no damage.
Casting: Shock
Confirm with . or Enter, or press ? or * to list all spells.
Aiming: Shock
Press: ? - help, Shift-Dir - straight line The zap hits the kobold.
You kill the kobold!
Your Stealth skill increases to level 4!
You have got your breath back.
The kobold throws a stone.
The stone hits you.
You die...

... .... ...K.
#######
#.g#.######.......
..................
..........#.......
.......†#...g.....
.......@)g........
........#.........
.##.....######....
#.....# ...
#.....# . #######


You could see 2 hobgoblins, a goblin and a kobold.

Vanquished Creatures
  2 dart slugs (D:1)
  A goblin (D:1)
  4 kobolds (D:1)
  A ball python (D:1)
  A rat (D:1)
9 creatures vanquished.

Notes
Turn   | Place    | Note
-------+----------+-------------------------------------------
     0 | D:1      | Gorglomux the Naga Wanderer began the quest for the Orb.
     0 | D:1      | Gorglomux set off with: a book of Minor Magic, Sif Muna's Compendium of the Birds, a +0 robe, a +0 club, a +0 dagger, a bread ration, a scroll of teleportation
     0 | D:1      | Reached XP level 1. HP: 15/15 MP: 4/4
    11 | D:1      | Identified Sif Muna's Compendium of the Birds
    50 | D:1      | Learned a level 1 spell: Shock
   395 | D:1      | Reached skill level 1 in Fighting
   395 | D:1      | Reached XP level 2. HP: 17/25 MP: 4/6
   481 | D:1      | Hit by a stone thrown by a kobold

Skill      XL: |  1  2 |
---------------+-------+-----
Fighting       | 1 |  1.1
Stealth        | 4 |  4.0
Spellcasting   | |  3.0
Conjurations   | |  1.0
Air Magic      | |  4.0

Action                   || total
-------------------------++-------
Melee: Dagger            ||    11
 Cast: Shock             ||     8
 Abil: Spit Poison       ||     4
Armor: Robe              ||     2
Dodge: Dodged            ||     8
